 Dungeon Crawl Stone Soup version 0.20.1-1-g8b1a95d (webtiles) character file.

64 Irenicus the Slasher (level 4, -1/42 HPs)
             Began as a Naga Monk on Oct 28, 2017.
             Slain by a gnoll
             ... wielding a +2 spear of pain
              (4 damage)
             ... on level 2 of the Dungeon.
             The game lasted 00:04:40 (1526 turns).

Irenicus the Slasher (Naga Monk)                    Turns: 1526, Time: 00:04:41

Health: -1/42      AC:  2    Str: 13    XL:     4   Next: 12%
Magic:  4/4        EV: 10    Int: 11    God:
Gold:   165        SH:  0    Dex: 14    Spells: 3/3 levels left

rFire    . . .     SeeInvis +   a - +0 falchion
rCold    . . .     Gourm    .   (no shield)
rNeg     . . .     Faith    .   b - +0 robe
rPois    +         Spirit   .   (no helmet)
rElec    .         Reflect  .   h - scarf {repulsion}
rCorr    .         Harm     .   (no gloves)
MR       .....                  (no barding)
Stlth    ++........             (no amulet)
Regen    0.2/turn               (no ring)
MPRegen  0.1/turn               (no ring)

@: repel missiles, very slow
A: see invisible, deformed body, poison resistance, slowness 2, slow metabolism
1, spit poison 1, AC +1
a: Spit Poison


You were on level 2 of the Dungeon.
You were not hungry.

You visited 1 branch of the dungeon, and saw 3 of its levels.

You collected 165 gold pieces.

Inventory:

Hand Weapons
 a - a +0 falchion (weapon)
Armour
 b - a +0 robe (worn)
 h - a scarf of repulsion (worn)
Scrolls
 d - a scroll of magic mapping
Comestibles
 c - 2 bread rations
 i - 2 royal jellies


   Skills:
 - Level 3.0 Fighting
 + Level 4.8 Long Blades
 - Level 2.4 Dodging
 - Level 3.0 Stealth


You had 3 spell levels left.
You didn't know any spells.

Dungeon Overview and Level Annotations

Branches:
Dungeon (3/15)

Altars:


Innate Abilities, Weirdness & Mutations

You cannot wear boots.
Your serpentine skin is tough. (AC +1)
You have supernaturally acute eyesight. (SInv)
Armour fits poorly on your strangely shaped body.
Your system is resistant to poisons. (rPois)
You cover ground very slowly.
You have a slow metabolism.
You can spit poison.


Message History

The gnoll hits you with a spear of pain.
* * * LOW HITPOINT WARNING * * *
The goblin completely misses you. The leopard gecko misses you.
You riposte.
You closely miss the leopard gecko.
As you read the scroll labeled PEOSTU AGEERPH, it crumbles to dust.
It is a scroll of recharging.
You aren't carrying any rechargeable items.
The gnoll closely misses you. The goblin hits you but does no damage.
The leopard gecko bites you but does no damage.
As you read the scroll labeled MIYFOU LAFRASK, it crumbles to dust.
It is a scroll of identify.
You don't have any unidentified items.
The gnoll closely misses you.
You riposte.
You hit the gnoll but do no damage.
The gnoll is moderately wounded.
The leopard gecko barely misses you. The goblin barely misses you.
You hit the gnoll.
The gnoll is almost dead.
The leopard gecko barely misses you.
The gnoll hits you with a spear of pain.
You die...

######## ##......##
##..gg....## ######
#...l@.....# .....#
#.......)..# .....##
#..........#
......######..........#
...........#..........#
......####...........##
......# ###..........#
......# #..........#
......######..........#


You could see a gnoll, a leopard gecko and a goblin.

Vanquished Creatures
  3 adders (D:2)
  2 dart slugs
  2 leopard geckos (D:2)
  3 bats
  A giant cockroach (D:2)
  5 goblins (D:2)
  5 hobgoblins
  A ball python (D:2)
  3 frilled lizards
  5 kobolds
30 creatures vanquished.

Notes
Turn   | Place    | Note
-------+----------+-------------------------------------------
     0 | D:1      | Irenicus the Naga Monk began the quest for the Orb.
     0 | D:1      | Reached XP level 1. HP: 21/21 MP: 1/1
   608 | D:1      | Reached XP level 2. HP: 22/28 MP: 2/2
   725 | D:2      | Reached skill level 4 in Long Blades
   771 | D:2      | Reached XP level 3. HP: 12/34 MP: 3/3
  1031 | D:2      | HP: 1/34 [leopard gecko (3)]
  1232 | D:2      | Reached XP level 4. HP: 6/42 MP: 4/4
  1526 | D:2      | Slain by a gnoll

Skill      XL: |  1  2 |
---------------+-------+-----
Long Blades    | 4 |  4.8
Fighting       | |  3.0
Dodging        | |  2.4
Stealth        | |  3.0

Action                   |  1- 3 |  4- 6 || total
-------------------------+-------+-------++-------
Melee: Falchion          |    94 |     3 ||    97
  Use: Potion            |     2 |       ||     2
       Scroll            |     1 |     3 ||     4
 Stab: Sleeping          |     4 |       ||     4
       Distracted        |     1 |       ||     1
  Eat: Chunk             |       |     1 ||     1
Armor: Robe              |    19 |     4 ||    23
Dodge: Dodged            |    56 |     9 ||    65
       Deflected         |     2 |       ||     2
       Rpst.: Falchion   |    16 |     3 ||    19
